 Dungeon Crawl Stone Soup version 0.17.1-1-g73c8601 (webtiles) character file.

280 Implojin the Ruffian (level 6, 0/59 HPs)
             Began as a Troll Fighter on Apr 9, 2016.
             Slain by an iguana (13 damage)
             ... on level 7 of the Dungeon.
             The game lasted 00:02:39 (461 turns).

Implojin the Ruffian (Troll Fighter)                 Turns: 461, Time: 00:02:39

Health: 0/59       AC:  5    Str: 25    XL:     6   Next: 5%
Magic:  5/5        EV:  8    Int:  4    God:
Gold:   7          SH:  9    Dex: 11    Spells: 0 memorised, 5 levels left

rFire  . . .     SeeInvis .       - Unarmed
rCold  . . .     Clarity  .     a - +0 robe
rNeg   . . .     SustAt   .     b - +0 shield
rPois  .         Gourm    +     (helmet restricted)
rElec  .         Spirit   .     (no cloak)
rCorr  .         Warding  .     (gloves unavailable)
rMut   .         Stasis   .     (boots unavailable)
MR     .....                    (no amulet)
Stlth  +.........               (no ring)
                                (no ring)

@: not resistant to hostile enchantments, very unstealthy
A: unfitting armour, claws 3, fast metabolism 3, gourmand, regeneration 2,
shaggy fur 1, tough skin 2
a: no special abilities


You were on level 7 of the Dungeon.
You were full.

You visited 1 branch of the dungeon, and saw 7 of its levels.

You collected 7 gold pieces.

Inventory:

Armour
 a - a +0 robe (worn)
 b - a +0 shield (worn)
Rods
 l - a +0 rod of ignition (14/14)
   (You found it on level 5 of the Dungeon)
Wands
 k - a wand of disintegration (3)
Scrolls
 e - a scroll of random uselessness {unknown}
 f - a scroll of teleportation {unknown}
 g - 2 scrolls of remove curse {unknown}
 j - a scroll of magic mapping {unknown}
 m - a scroll of identify {unknown}
Potions
 c - a potion of might
 i - a potion of haste {unknown}
Comestibles
 d - 3 bread rations


   Skills:
 - Level 2.4 Fighting
 - Level 2.4 Dodging
 - Level 2.4 Shields
 * Level 6.4 Unarmed Combat


You had 5 spell levels left.
You didn't know any spells.

Dungeon Overview and Level Annotations

Branches:
Dungeon (7/15)
 Temple: D:4-7

Altars:
Ashenzari
Fedhas
Nemelex Xobeh

Annotations:
D:6 flyleaff's ghost, novice NaWz


Innate Abilities, Weirdness & Mutations

You are too large for most types of armour.
You have claws for hands.
Your metabolism is lightning-fast.
You like to eat raw meat.
You heal very quickly.
You are covered in fur (AC +1).
You have very tough skin (AC +2).


Message History

You barely miss the giant frog.
The giant frog is moderately wounded.
You block the giant frog's attack. x2
You scratch the giant frog.
The giant frog is heavily wounded.
The giant frog hits you.
* * * LOW HITPOINT WARNING * * *
You closely miss the giant frog.
The giant frog is heavily wounded.
The giant frog hits you.
* * * LOW HITPOINT WARNING * * *
The giant frog hits you.
* * * LOW HITPOINT WARNING * * *
You closely miss the giant frog.
The giant frog is heavily wounded.
The giant frog barely misses you.
You barely miss the giant frog.
The giant frog is heavily wounded.
The giant frog hits you but does no damage.
You closely miss the giant frog.
The giant frog is heavily wounded.
You block the giant frog's attack. The giant frog closely misses you.
You barely miss the giant frog.
The giant frog is heavily wounded.
You block the giant frog's attack.
You scratch the giant frog.
The giant frog is heavily wounded.
You block the giant frog's attack. The giant frog hits you.
* * * LOW HITPOINT WARNING * * *
You barely miss the giant frog.
The giant frog is heavily wounded.
The giant frog barely misses you.
You claw the giant frog!
You kill the giant frog!
You have reached level 6!
Your experience leads to an increase in your attributes!
Increase (S)trength, (I)ntelligence, or (D)exterity?
You feel agile.
You feel stronger. The iguana bites you!
You die...

#.# #.. #.# # #.#
####.##.##
.........#####..
#<........ ##
##l#####. .. #@# #.
##.####### #.
#..$......
#.#.##.###..#######
#......<....#
....##....#.# #
####...# #####


You could see an iguana.

Vanquished Creatures
  A sky beast (D:6)
  A phantom (D:6)
  A giant frog (D:7)
  A hound (D:7)
  2 adder skeletons (D:6)
  An adder zombie (D:5)
  A worm (D:4)
  A giant gecko (D:2)
  2 giant cockroaches
  A goblin (D:2)
  3 jackals (D:4)
  2 quokkas
  A giant gecko zombie (D:5)
  2 kobolds
20 creatures vanquished.

Notes
Turn   | Place    | Note
--------------------------------------------------------------
     0 | D:1      | Implojin the Troll Fighter began the quest for the Orb.
     0 | D:1      | Reached XP level 1. HP: 22/22 MP: 0/0
    75 | D:4      | Found a blossoming altar of Fedhas.
    87 | D:4      | Reached XP level 2. HP: 27/29 MP: 1/1
   130 | D:4      | Reached skill level 3 in Unarmed Combat
   187 | D:2      | Found a sparkling altar of Nemelex Xobeh.
   188 | D:2      | Found a shattered altar of Ashenzari.
   229 | D:3      | Found a blossoming altar of Fedhas.
   240 | D:5      | Entered Level 5 of the Dungeon
   303 | D:6      | Noticed a phantom
   364 | D:6      | Killed a phantom
   364 | D:6      | Reached skill level 4 in Unarmed Combat
   364 | D:6      | Reached XP level 3. HP: 24/36 MP: 2/2
   364 | D:6      | Reached XP level 4. HP: 29/44 MP: 3/3
   408 | D:6      | Noticed a sky beast
   419 | D:6      | Killed a sky beast
   419 | D:6      | Reached skill level 5 in Unarmed Combat
   419 | D:6      | Reached XP level 5. HP: 35/50 MP: 4/4
   431 | D:6      | Noticed flyleaff's ghost (novice NaWz)
   433 | D:6      | Noticed a giant frog
   448 | D:7      | Reached skill level 6 in Unarmed Combat
   461 | D:7      | Killed a giant frog
   461 | D:7      | Reached XP level 6. HP: 12/59 MP: 5/5
   461 | D:7      | Slain by an iguana

Action                   |  1- 3 |  4- 6 || total
-------------------------+-------+-------++-------
Melee: Unarmed           |    61 |    38 ||    99
  Eat: Chunk             |     7 |       ||     7

Table legend:
 A = Turns spent in this place as a percentage of turns spent in the entire game.
 B = Non-inter-level travel turns spent in this place as a percentage of non-inter-level travel turns spent in the entire game.
 C = Inter-level travel turns spent in this place as a percentage of turns spent in this place.
 D = Turns resting spent in this place as a percentage of non-inter-level travel turns spent in this place.
 E = Turns spent auto-exploring this place as a percentage of non-inter-level travel turns spent in this place.
 F = Non-inter-level travel turns spent in this place divided by the number of levels of this place that you've seen.
                   A       B       C       D       E      F
               +-------+-------+-------+-------+-------+----------------------
         Total | 100.0 | 100.0 |   0.0 |   0.0 |   0.0 |  62.7
       Dungeon | 100.0 | 100.0 |   0.0 |   0.0 |   0.0 |  62.7
               +-------+-------+-------+-------+-------+----------------------

Table legend:
 A = Kills in this place as a percentage of kills in entire the game.
 B = Kills by you in this place as a percentage of kills by you in the entire game.
 C = Kills by friends in this place as a percentage of kills by friends in the entire game.
 D = Other kills in this place as a percentage of other kills in the entire game.
 E = Experience gained in this place as a percentage of experience gained in the entire game.
 F = Experience gained in this place divided by the number of levels of this place that you have seen.
                   A       B       C       D       E      F
               +-------+-------+-------+-------+-------+----------------------
         Total | 100.0 | 100.0 |  -nan |  -nan | 100.0 |  57.3
       Dungeon | 100.0 | 100.0 |  -nan |  -nan | 100.0 |  57.3
               +-------+-------+-------+-------+-------+----------------------
